 Dungeon Crawl Stone Soup version 0.22-a0-460-g49b1da7 (webtiles) character file.

5257 Irindil the Magician (level 10, -40/79 HPs)
             Began as a Gnoll Skald on June 9, 2018.
             Was a Follower of Ashenzari.
             Annihilated by a very large slime creature (58 damage)
             ... on level 8 of the Dungeon.
             The game lasted 00:48:07 (10127 turns).

Irindil the Magician (Gnoll Skald)                 Turns: 10127, Time: 00:48:09

Health: -40/79     AC: 11    Str: 16    XL:     10   Next: 62%
Magic:  11/21      EV: 15    Int: 20    God:    Ashenzari [*.....]
Gold:   422        SH:  0    Dex: 14    Spells: 14/23 levels left

rFire    . . .     SeeInvis .   w - +1 flail "Hydraslayer" {crush, +Blink +Fly MR+ Int+3} (curse)
rCold    . . .     Gourm    .   (no shield)
rNeg     . . .     Faith    +   C - +1 ring mail {MR+}
rPois    .         Spirit   .   q - +0 helmet
rElec    .         Reflect  .   u - +0 cloak
rCorr    .         Harm     .   p - +0 pair of gloves
MR       ++...                  (no boots)
Stlth    ++........             r - amulet of faith
HPRegen  1.23/turn              (no ring)
MPRegen  0.17/turn              (no ring)

@: about to teleport, infused, regenerating
A: distributed training, fangs 1, strong nose
a: Curse Item, Scrying, Renounce Religion, Evoke Blink, Evoke Flight


You were on level 8 of the Dungeon.
You worshipped Ashenzari.
Ashenzari was aware of your devotion.
You were not hungry.

You visited 2 branches of the dungeon, and saw 9 of its levels.

You collected 467 gold pieces.
You spent 45 gold pieces at shops.

Inventory:

Hand Weapons
 a - a +1 mace
 s - the +4 rapier "Edwops" {drain, *Corrode rC+ rN+++}
   (You found it on level 4 of the Dungeon)

   A truly terrible weapon, it drains the life of those it strikes.
   It protects you from cold.
   It renders you almost immune to negative energy.
   It may corrode you when you take damage.
 w - the cursed +1 flail "Hydraslayer" (weapon) {crush, +Blink +Fly MR+ Int+3}
   (You took it off a crimson imp on level 7 of the Dungeon)

   It inflicts extra damage upon your enemies.
   It affects your intelligence (+3).
   It affects your resistance to hostile enchantments.
   It lets you fly.
   It lets you blink.
   It has a curse placed upon it.
Armour
 b - a +0 leather armour
 p - a +0 pair of gloves (worn)
 q - a +0 helmet (worn)
 u - a +0 cloak (worn)
 C - a +1 ring mail of magic resistance (worn)
Jewellery
 r - an amulet of faith (around neck)
Wands
 g - a wand of acid (12)
 x - a wand of clouds (5)
 y - a wand of paralysis (23)
 A - a wand of iceblast (5)
Scrolls
 e - a scroll of identify
 h - 2 scrolls of enchant weapon
 i - 2 scrolls of teleportation
 n - 2 scrolls of amnesia {unknown}
 z - 2 scrolls of remove curse
 B - a scroll of blinking {unknown}
 D - a scroll of magic mapping {unknown}
Potions
 c - 3 potions of curing
 f - 2 potions of brilliance
 j - a potion of mutation
 k - a potion of agility
 l - 2 potions of berserk rage
 m - a potion of invisibility {unknown}
 o - 2 potions of lignification
 t - 2 potions of flight
 v - a potion of magic {unknown}
Comestibles
 d - 7 rations


   Skills:
 + Level 7.1 Fighting
 + Level 5.3 Short Blades
 + Level 5.3 Long Blades
 + Level 5.3 Axes
 + Level 7.1 Maces & Flails
 + Level 5.3 Polearms
 + Level 5.3 Staves
 + Level 5.3 Slings
 + Level 5.3 Bows
 + Level 5.3 Crossbows
 + Level 5.3 Throwing
 + Level 6.0 Armour
 + Level 7.1 Dodging
 + Level 5.3 Stealth
 + Level 5.3 Shields
 + Level 5.3 Unarmed Combat
 + Level 7.4 Spellcasting
 + Level 4.4 Conjurations
 + Level 4.4 Hexes
 + Level 7.1 Charms
 + Level 4.4 Summonings
 + Level 4.4 Necromancy
 + Level 4.4 Translocations
 + Level 4.4 Transmutations
 + Level 4.4 Fire Magic
 + Level 4.4 Ice Magic
 + Level 4.4 Air Magic
 + Level 4.4 Earth Magic
 + Level 4.4 Poison Magic
 + Level 5.9 Invocations
 + Level 5.3 Evocations


You had 14 spell levels left.
You knew the following spells:

 Your Spells              Type           Power        Failure   Level  Hunger
a - Infusion              Chrm           ####         1%          1    None
b - Shroud of Golubria    Chrm/Tloc      ####......   2%          2    None
c - Spectral Weapon       Hex/Chrm       ####....     4%          3    #......
d - Regeneration          Chrm/Necr      ####......   4%          3    #......

Your spell library contained the following spells:

 Spells                   Type           Power        Failure   Level  Hunger
 Spider Form              Tmut/Pois      ####......   8%          3    #......
 Blade Hands              Tmut           ####......   56%         5    #####..
 Ice Form                 Ice/Tmut       ####....     26%         4    ###....
 Sticks to Snakes         Tmut           ####....     3%          2    None
 Beastly Appendage        Tmut           ####..       2%          1    None
 Song of Slaying          Chrm           #####...     1%          2    None


Dungeon Overview and Level Annotations

Branches:
Dungeon (8/15)             Temple (1/1) D:5
   Lair: D:8-11

Altars:
Ashenzari
Cheibriados
Dithmenos
Elyvilon
Fedhas
Gozag
Hepliaklqana
Kikubaaqudgha
Makhleb
Nemelex Xobeh
Okawaru
Qazlal
Ru
Sif Muna
Trog
Uskayaw
Vehumet
Wu Jian
Xom
Yredelemnul
Zin
The Shining One
Jiyva

Shops:
D:6 %   D:8 *

Annotations:
D:8 1 transporter


Innate Abilities, Weirdness & Mutations

Your experience applies equally to all skills.
You have very sharp teeth.
Your uncanny sense of smell can sniff out nearby items.


Message History

A slime creature suddenly becomes a very large slime creature.
Casting: Shroud of Golubria (safe; 2% risk of failure)
Confirm with . or Enter, or press ? or * to list all spells.
Your skin crawls.
The slime creature barely misses you.
Casting: Regeneration (safe; 4% risk of failure)
Confirm with . or Enter, or press ? or * to list all spells.
Space distorts slightly along a thin shroud covering your body.
The slime creature hits you.
The large slime creature hits you but does no damage.
The very large slime creature hits you!!!
Ouch! That really hurt!
* * * LOW HITPOINT WARNING * * *
Your shroud falls apart!
As you read the scroll of teleportation, it crumbles to dust.
You feel strangely unstable.
The slime creature hits you but does no damage.
The large slime creature hits you but does no damage.
The very large slime creature hits you!!!
Ouch! That really hurt!
You die...

######.#### ####...
#.........# ###.
#......#### #. #.....##
## #. #....## .### ## #.
#....# .#.#..# #. #....#
....... #######.
#....####J$?[.####.......
###.©###@J=_)..###©......
##.####J$$$.####.......
### ......© #.#.....
.#.#..# #..<.... .### ##
###..... ### ## #.....
#.######### #.....
#.........# #.....
#.........#####.....


You could see a very large slime creature, a large slime creature and a slime
creature.

Vanquished Creatures
  Erica (D:8)
  Pikel (D:6)
  A meliai (D:8)
  A hippogriff (D:7)
  Sigmund (D:2)
  A wyvern (D:8)
  3 yaks (D:8)
  A hungry ghost (D:7)
  A water moccasin (D:8)
  3 slaves (D:6)
  2 sky beasts
  A necrophage (D:8)
  3 ice beasts
  5 ogres
  2 centaurs
  A bullfrog (D:7)
  A gnoll sergeant (D:6)
  3 scorpions
  2 water moccasin zombies
  4 killer bees (D:7)
  A howler monkey (D:4)
  2 crimson imps
  A centaur zombie (D:6)
  A bullfrog zombie (D:7)
  3 hounds
  6 orc priests
  A centaur skeleton (D:4)
  A jelly (D:6)
  Crazy Yiuf (D:6)
  2 iguanas (D:7)
  3 orc wizards
  7 worker ants
  2 hound skeletons
  Robin (D:3)
  8 gnolls
  A howler monkey skeleton (D:4)
  6 adders
  3 shadow imps
  2 oozes (D:2)
  An adder skeleton (D:5)
  A worm (D:3)
  2 dart slugs
  6 leopard geckos
  14 orcs
  3 ball pythons
  2 giant cockroaches
  15 goblins
  6 hobgoblins
  9 jackals
  5 kobolds
  5 quokkas
  7 bats
  7 frilled lizards
  A leopard gecko skeleton (D:4)
  A leopard gecko zombie (D:6)
  7 rats
182 creatures vanquished.

Notes
Turn   | Place    | Note
-------+----------+-------------------------------------------
     0 | D:1      | Irindil the Gnoll Skald began the quest for the Orb.
     0 | D:1      | Reached XP level 1. HP: 20/20 MP: 6/6
   144 | D:1      | Reached XP level 2. HP: 20/26 MP: 3/7
   456 | D:1      | Reached XP level 3. HP: 20/31 MP: 9/9
   694 | D:1      | Reached skill level 5 in Spellcasting
  1336 | D:2      | Noticed Sigmund
  1357 | D:2      | Reached skill level 1 in Invocations
  1373 | D:2      | Killed Sigmund
  1373 | D:2      | Reached skill level 1 in Short Blades
  1373 | D:2      | Reached skill level 1 in Long Blades
  1373 | D:2      | Reached skill level 1 in Axes
  1373 | D:2      | Reached skill level 1 in Polearms
  1373 | D:2      | Reached skill level 1 in Staves
  1373 | D:2      | Reached skill level 1 in Slings
  1373 | D:2      | Reached skill level 1 in Bows
  1373 | D:2      | Reached skill level 1 in Crossbows
  1373 | D:2      | Reached skill level 1 in Throwing
  1373 | D:2      | Reached skill level 1 in Stealth
  1373 | D:2      | Reached skill level 1 in Shields
  1373 | D:2      | Reached skill level 1 in Unarmed Combat
  1373 | D:2      | Reached skill level 1 in Conjurations
  1373 | D:2      | Reached skill level 1 in Hexes
  1373 | D:2      | Reached skill level 1 in Summonings
  1373 | D:2      | Reached skill level 1 in Necromancy
  1373 | D:2      | Reached skill level 1 in Translocations
  1373 | D:2      | Reached skill level 1 in Transmutations
  1373 | D:2      | Reached skill level 1 in Fire Magic
  1373 | D:2      | Reached skill level 1 in Ice Magic
  1373 | D:2      | Reached skill level 1 in Air Magic
  1373 | D:2      | Reached skill level 1 in Earth Magic
  1373 | D:2      | Reached skill level 1 in Poison Magic
  1373 | D:2      | Reached skill level 1 in Evocations
  1373 | D:2      | Reached XP level 4. HP: 3/38 MP: 0/11
  1373 | D:2      | Reached XP level 5. HP: 4/43 MP: 0/12
  1781 | D:2      | Found a stormy altar of Qazlal.
  1794 | D:2      | Found a hazy altar of Hepliaklqana.
  1855 | D:2      | Reached XP level 6. HP: 46/50 MP: 13/13
  1871 | D:2      | Found a basalt altar of Yredelemnul.
  1871 | D:2      | Found a bloodstained altar of Trog.
  1873 | D:2      | Found an ancient bone altar of Kikubaaqudgha.
  2012 | D:3      | Noticed Robin
  2434 | D:2      | Learned a level 2 spell: Shroud of Golubria
  2507 | D:3      | Killed Robin
  3182 | D:4      | Reached skill level 5 in Fighting
  3182 | D:4      | Reached skill level 5 in Maces & Flails
  3182 | D:4      | Reached skill level 5 in Dodging
  3333 | D:4      | Learned a level 3 spell: Spectral Weapon
  3466 | D:4      | Reached XP level 7. HP: 56/56 MP: 15/15
  4050 | D:5      | Entered Level 5 of the Dungeon
  4221 | D:4      | Got a smoking rapier
  4588 | D:5      | Identified the +4 rapier "Edwops" {drain, *Corrode rC+ rN+++} (You found it on level 4 of the Dungeon)
  4786 | D:5      | Found a stormy altar of Qazlal.
  5015 | D:5      | Reached XP level 8. HP: 63/63 MP: 14/16
  5446 | D:5      | Found a staircase to the Ecumenical Temple.
  5455 | Temple   | Entered the Ecumenical Temple
  5599 | Temple   | Became a worshipper of Ashenzari the Shackled
  5893 | D:6      | Found an opulent altar of Gozag.
  5894 | D:6      | Found a sparkling altar of Nemelex Xobeh.
  6129 | D:6      | Noticed Pikel
  6188 | D:6      | Killed Pikel
  6188 | D:6      | Reached XP level 9. HP: 64/69 MP: 12/18
  6228 | D:6      | Found Bais's Food Emporium.
  6337 | D:6      | Found a runed door.
  6343 | D:6      | Noticed Crazy Yiuf
  6346 | D:6      | Killed Crazy Yiuf
  6564 | D:7      | Got the cursed flail "Hydraslayer" {crush, +Blink +Fly MR+ Int+3}
  6775 | D:7      | Identified the cursed +1 flail "Hydraslayer" {crush, +Blink +Fly MR+ Int+3} (You took it off a crimson imp on level 7 of the Dungeon)
  6953 | D:7      | Reached skill level 5 in Armour
  7682 | D:7      | Learned a level 3 spell: Regeneration
  7800 | D:7      | Reached skill level 5 in Invocations
  7999 | D:7      | Reached * piety under Ashenzari
  8287 | D:8      | Noticed Erica
  8340 | D:8      | Reached XP level 10. HP: 59/77 MP: 16/20
  8522 | D:8      | Killed Erica
  8522 | D:8      | Reached skill level 5 in Short Blades
  8522 | D:8      | Reached skill level 5 in Long Blades
  8522 | D:8      | Reached skill level 5 in Axes
  8522 | D:8      | Reached skill level 5 in Polearms
  8522 | D:8      | Reached skill level 5 in Staves
  8522 | D:8      | Reached skill level 5 in Slings
  8522 | D:8      | Reached skill level 5 in Bows
  8522 | D:8      | Reached skill level 5 in Crossbows
  8522 | D:8      | Reached skill level 5 in Throwing
  8522 | D:8      | Reached skill level 5 in Stealth
  8522 | D:8      | Reached skill level 5 in Shields
  8522 | D:8      | Reached skill level 5 in Unarmed Combat
  8522 | D:8      | Reached skill level 5 in Evocations
  9873 | D:8      | Found a transporter.
  9882 | D:8      | Found a viscous altar of Jiyva.
  9963 | D:8      | Found Plog's General Store.
  9987 | D:8      | Bought a potion of flight for 45 gold pieces
 10118 | D:8      | Found a transporter.
 10127 | D:8      | Annihilated by a very large slime creature

Vault maps used:
D:1:      sevenhm_arrival_forest_fort_large_4
D:2:      gammafunk_temple_overflow_claw,
          chequers_temple_overflow_statue_of_worship, uniq_sigmund
D:3:      uniq_robin
D:4:      cheibrodos_quashed, first_ration
D:5:      minmay_temple_entry_poolview, nicolae_qazlal_general_emergency
D:6:      grunt_temple_overflow_opulence, serial_shops,
          nicolae_shop_temple_entry_statues_fountains, uniq_crazy_yiuf_cottage,
          uniq_pikel
D:8:      gammafunk_jiyva_shrine, serial_shops, shop,
          kennysheep_generic_room_15, uniq_erica
Temple:   regret_index_temple_generic_petals

Skill      XL: |  1  2  3  4  5  6  7  8  9 10 |
---------------+-------------------------------+-----
Spellcasting   | 5 6 7 |  7.4
Invocations    | 1 2 3 4 5 |  5.9
Short Blades   | 1 2 3 4 5 |  5.3
Long Blades    | 1 2 3 4 5 |  5.3
Axes           | 1 2 3 4 5 |  5.3
Polearms       | 1 2 3 4 5 |  5.3
Staves         | 1 2 3 4 5 |  5.3
Slings         | 1 2 3 4 5 |  5.3
Bows           | 1 2 3 4 5 |  5.3
Crossbows      | 1 2 3 4 5 |  5.3
Throwing       | 1 2 3 4 5 |  5.3
Armour         | 3 4 5 6 |  6.0
Stealth        | 1 2 3 4 5 |  5.3
Shields        | 1 2 3 4 5 |  5.3
Unarmed Combat | 1 2 3 4 5 |  5.3
Conjurations   | 1 2 3 4 |  4.4
Hexes          | 1 2 3 4 |  4.4
Summonings     | 1 2 3 4 |  4.4
Necromancy     | 1 2 3 4 |  4.4
Translocations | 1 2 3 4 |  4.4
Transmutations | 1 2 3 4 |  4.4
Fire Magic     | 1 2 3 4 |  4.4
Ice Magic      | 1 2 3 4 |  4.4
Air Magic      | 1 2 3 4 |  4.4
Earth Magic    | 1 2 3 4 |  4.4
Poison Magic   | 1 2 3 4 |  4.4
Evocations     | 1 2 3 4 5 |  5.3
Fighting       | 5 6 7 |  7.1
Maces & Flails | 5 6 7 |  7.1
Dodging        | 5 6 7 |  7.1
Charms         | 6 7 |  7.1

Action                   |  1- 3 |  4- 6 |  7- 9 | 10-12 || total
-------------------------+-------+-------+-------+-------++-------
Melee: Mace              |   100 |    89 |    38 |       ||   227
       Bite              |     8 |    12 |    31 |    11 ||    62
       Rapier            |       |       |   192 |       ||   192
       Punch             |       |       |     3 |     4 ||     7
       Flail             |       |       |    84 |   111 ||   195
 Cast: Infusion          |     4 |     8 |    28 |    10 ||    50
       Shroud of Golubri |       |     1 |    15 |     9 ||    25
       Spectral Weapon   |       |     1 |     1 |       ||     2
       Regeneration      |       |       |     1 |     1 ||     2
  Use: Scroll            |       |       |    10 |     2 ||    12
       Potion            |       |       |     1 |       ||     1
 Stab: Sleeping          |       |     3 |     5 |       ||     8
       Distracted        |       |     1 |       |       ||     1
  Eat: Chunk             |     1 |     7 |    13 |     3 ||    24
       Ration            |       |       |     1 |     1 ||     2
Armor: Leather armour    |    21 |    15 |    42 |    15 ||    93
       Ring mail         |       |       |       |     5 ||     5
Dodge: Dodged            |    85 |    84 |   229 |    93 ||   491

Table legend:
 A = Spawn XP
 B = Non-spawn XP
 C = Spawn XP percentage of total XP
 D = Spawn monster count
 E = Non-spawn monster count
 F = Spawn count percentage of total count
 G = Total turns spent on level
                    A         B        C        D         E        F      G
               +---------+---------+-------+---------+---------+-------+---------
         Total |       0 |    7510 |   0.0 |       0 |     179 |   0.0 | 10127
               +---------+---------+-------+---------+---------+-------+---------
           D:1 |       0 |      50 |   0.0 |       0 |      31 |   0.0 |  1274
           D:2 |       0 |     294 |   0.0 |       0 |      24 |   0.0 |  1032
           D:3 |       0 |      69 |   0.0 |       0 |      15 |   0.0 |   853
           D:4 |       0 |     490 |   0.0 |       0 |      11 |   0.0 |  1212
           D:5 |       0 |     627 |   0.0 |       0 |      27 |   0.0 |  1231
           D:6 |       0 |    1793 |   0.0 |       0 |      28 |   0.0 |   867
           D:7 |       0 |    1231 |   0.0 |       0 |      20 |   0.0 |  1750
           D:8 |       0 |    2956 |   0.0 |       0 |      23 |   0.0 |  1681
               +---------+---------+-------+---------+---------+-------+---------
